 Dungeon Crawl Stone Soup version 0.28-a0-1429-gf3d713df7a (webtiles) character file.

Game seed: 7636132893714659626

1269 HallandMoats the Skirmisher (level 8, -14/43 HPs)
             Began as a Vine Stalker Fighter on Jan 8, 2022.
             Was a Believer of Okawaru.
             Killed from afar by a steam dragon (16 damage)
             ... with a ball of steam
             ... on level 6 of the Dungeon.
             The game lasted 00:06:18 (5340 turns).

HallandMoats the Skirmisher (Vine Stalker Fighter)  Turns: 5340, Time: 00:06:18

Health: -14/43     AC:  7    Str: 20    XL:     8   Next: 53%
Magic:  0/10       EV: 11    Int:  8    God:    Okawaru [**....]
Gold:   254        SH:  0    Dex: 15    Spells: 7/7 levels left

rFire   . . .      SeeInvis .   b - +4 short sword (venom)
rCold   . . .      Faith    +   C - orb {light}
rNeg    . . .      Spirit   +   j - +0 scale mail
rPois   +          Reflect  .   (no helmet)
rElec   .          Harm     .   (no cloak)
rCorr   .          Rampage  .   (no gloves)
Will    +....                   (no boots)
Stlth   ..........              q - amulet of faith
HPRegen 0.94/turn               e - ring of poison resistance
MPRegen 0.12/turn               (no ring)

@: hasted, glowing, very quick
A: fangs 3, regeneration 1, magic shield, antimagic bite, no potion heal 2
a: Renounce Religion, Heroism


You were on level 6 of the Dungeon.
You worshipped Okawaru.
Okawaru was pleased with you.
You visited 2 branches of the dungeon, and saw 7 of its levels.
You also visited: Sewer.

You collected 254 gold pieces.

Inventory:

Hand Weapons
 a - a +0 broad axe
 b - a +4 short sword of venom (weapon)
Missiles
 y - 2 throwing nets (quivered)
Armour
 c - a +0 buckler
 j - a +0 scale mail (worn)
 C - an orb of light (worn)
Jewellery
 e - a ring of poison resistance (left hand)
 m - a ring of wizardry
 q - an amulet of faith (around neck)
Wands
 z - a wand of paralysis (9)
Scrolls
 f - a scroll of summoning {unknown}
 h - a scroll of enchant weapon
 k - 7 scrolls of teleportation {unknown}
 l - 2 scrolls of immolation {unknown}
 n - 3 scrolls of fear {unknown}
 o - a scroll of brand weapon {unknown}
 t - 4 scrolls of magic mapping
 u - a scroll of holy word {unknown}
 A - a scroll of blinking {unknown}
 B - a scroll of identify
Potions
 d - 2 potions of might
 g - a potion of haste
 i - 2 potions of flight
 p - a potion of brilliance
 r - a potion of heal wounds {unknown}
 s - a potion of magic {unknown}
 v - 2 potions of lignification {unknown}
 w - 3 potions of curing {unknown}
 x - a potion of attraction {unknown}
 D - 2 potions of mutation {unknown}


   Skills:
 * Level 5.3 Fighting
 + Level 4.0 Axes
 + Level 4.3 Armour
 + Level 3.0 Dodging
 - Level 4.4 Shields
 + Level 2.4 Invocations


You had 7 spell levels left.
You didn't know any spells.
Your spell library contained the following spells:

 Spells                   Type           Power      Damage    Failure   Level
 Confusing Touch          Hex            0%         N/A       98%         3
 Yara's Violent Unravell  Hex/Tmut       0%         3d3       100%        5
 Enfeeble                 Hex            0%         N/A       100%        7


Dungeon Overview and Level Annotations

Branches:
Dungeon (6/15)             Temple (1/1) D:4           Sewer (visited)

Altars:
Ashenzari
Cheibriados
Dithmenos
Elyvilon
Fedhas
Gozag
Hepliaklqana
Kikubaaqudgha
Makhleb
Nemelex Xobeh
Okawaru
Qazlal
Ru
Sif Muna
Trog
Uskayaw
Vehumet
Wu Jian
Xom
Yredelemnul
Zin
The Shining One

Shops:
D:5 (


Innate Abilities, Weirdness & Mutations

You have razor-sharp teeth.
Your natural rate of healing is unusually fast.
When hurt, damage is shared between your health and your magic reserves.
Your bite disrupts and absorbs the magic of your enemies.
Potions cannot restore your health.


Message History

There are monsters nearby!
An orc warrior comes into view. It is wielding a +0 mace.
The orc warrior shouts!
The steam dragon barely misses you.
The steam dragon claws you but does no damage.
A water moccasin comes into view.
There are monsters nearby!
You hit the steam dragon.
The steam dragon is poisoned.
You bite the steam dragon. You drain its power.
The steam dragon is moderately wounded.
The steam dragon breathes steam at you. The ball of steam hits you!
You're standing in a cloud of steam!
You hit the steam dragon.
The steam dragon looks as sick as possible!
You bite the steam dragon, but do no damage.
The steam dragon is moderately wounded.
You are engulfed in a cloud of scalding steam.
The steam dragon bites you! The steam dragon claws you.
The water moccasin enters a dispersal trap!
The orc priest blinks!
The steam dragon blinks!
The orc warrior blinks! x2
The orc priest blinks!
You blink.
Found 22 gold pieces.
The water moccasin blinks!
The orc priest enters a dispersal trap!
The steam dragon blinks!
The orc warrior blinks!
The orc wizard blinks!
The water moccasin blinks!
You blink.
You see here 22 gold pieces.
You now have 254 gold pieces (gained 22).
The orc priest calls down the wrath of Beogh upon you.
Beogh smites you!
* * * LOW HITPOINT WARNING * * *
Okay, then.
You feel yourself speed up.
The orc warrior hits you with a +0 mace.
* * * LOW HITPOINT WARNING * * *
The orc wizard points at you and mumbles some strange words.
The puff of flame hits you!
* * * LOW HITPOINT WARNING * * *
The steam dragon breathes steam at you. The ball of steam hits you!
You die...

# ##≈# #######
#######..≈#
.......
#.....≈..≈#
.######
#........≈#
#.......≈≈#
#####
#.o@...≈≈≈###.
#...†
#SoDo....≈....
#.###
#........##
#.# #......^.#
#.# ########[#
#.# #§# #.###
#§# #.... #§#
##### #.#


You could see a steam dragon (very poisoned, catching breath), an orc warrior, a
water moccasin, an orc priest and an orc wizard (invisible).

Vanquished Creatures
  2 black bears
  A necrophage (D:6)
  An ogre (D:4)
  3 kobold brigands (Sewer)
  2 scorpions (D:5)
  A water moccasin zombie (D:5)
  A water moccasin skeleton (D:5)
  A bullfrog zombie (D:5)
  An orc priest (D:5)
  3 hounds
  A jelly (D:5)
  A bullfrog skeleton (D:6)
  2 orc wizards
  An iguana (D:5)
  4 gnolls (D:4)
  8 adders
  2 worms
  2 dart slugs
  6 orcs
  11 bats
  10 endoplasms
  4 giant cockroaches
  6 goblins
  7 hobgoblins
  22 kobolds
  4 quokkas
  8 ball pythons
  3 frilled lizards
  4 rats
122 creatures vanquished.

Vanquished Creatures (others)
  A fungus (Sewer)
1 creature vanquished.

Grand Total: 123 creatures vanquished

Notes
Turn   | Place    | Note
-------+----------+-------------------------------------------
     0 | D:1      | HallandMoats the Vine Stalker Fighter began the quest for
                  | the Orb.
     0 | D:1      | Reached XP level 1. HP: 11/11 MP: 2/2
   152 | D:1      | Reached XP level 2. HP: 15/16 MP: 3/3
   835 | D:1      | Reached XP level 3. HP: 17/19 MP: 4/4
  1525 | D:2      | Reached skill level 3 in Fighting
  1916 | D:3      | Found a shimmering blue altar of Sif Muna.
  1922 | D:3      | Gained mutation: Your natural rate of healing is unusually
                  | fast. [Vine Stalker growth]
  1922 | D:3      | Reached XP level 4. HP: 23/24 MP: 3/5
  2040 | D:3      | Found a glowing drain.
  2049 | Sewer    | Entered a sewer
  2067 | Sewer    | Noticed a kobold brigand
  2067 | Sewer    | Noticed a kobold brigand
  2077 | Sewer    | Killed a kobold brigand
  2078 | Sewer    | Reached skill level 1 in Dodging
  2078 | Sewer    | Reached XP level 5. HP: 28/28 MP: 4/6
  2081 | Sewer    | Killed a kobold brigand
  2082 | Sewer    | Reached XP level 6. HP: 32/32 MP: 4/7
  2755 | D:4      | Noticed a black bear
  2763 | D:4      | Killed a black bear
  2864 | D:4      | Reached XP level 7. HP: 34/37 MP: 8/8
  2954 | D:4      | Found a staircase to the Ecumenical Temple.
  3179 | Temple   | Entered the Ecumenical Temple
  3391 | Temple   | Became a worshipper of Warmaster Okawaru
  3417 | D:4      | Reached skill level 4 in Fighting
  4127 | D:5      | Entered Level 5 of the Dungeon
  4168 | D:5      | Found Qouxyfell's Antique Weapon Emporium.
  4231 | D:5      | Reached skill level 1 in Invocations
  4320 | D:5      | Reached * piety under Okawaru
  4425 | D:5      | Gained mutation: You have razor-sharp teeth. [Vine Stalker
                  | growth]
  4425 | D:5      | Reached XP level 8. HP: 42/42 MP: 10/10
  4940 | D:5      | Reached skill level 5 in Fighting
  5191 | D:6      | Reached ** piety under Okawaru
  5338 | D:6      | HP: 1/43 [orc wizard/puff of flame (7)]
  5340 | D:6      | Killed from afar by a steam dragon

Illustrated notes

Levels and vault maps discovered:
D:1:      minmay_arrival_four_circles, layout_loops_ring
D:2:      layout_rooms
D:3:      cheibrodos_helix_gallery, layout_rooms,
          nicolae_sif_muna_little_library, portal_sewer_entry_d
D:4:      layout_basic, minmay_temple_entry_fiery, small_statue_intersection
D:5:      layout_basic, serial_shops, shop
D:6:      layout_basic, serial_shops,
          nicolae_shop_temple_entry_statues_fountains, serial_rivers,
          chequers_serial_rivers_marsh, chequers_serial_rivers_micro_c,
          chequers_serial_rivers_micro_e, chequers_serial_rivers_micro_d,
          chequers_serial_rivers_micro_e
Temple:   mainiacjoe_temple_archimedes_tessellation

Skill      XL: |  1  2  3  4  5  6  7  8 |
---------------+-------------------------+-----
Shields        | 3 4 |  4.4
Axes           | 2 3 4 |  4.0
Fighting       | 3 4 5 |  5.3
Armour         | 3 4 |  4.3
Dodging        | 1 2 3 |  3.0
Invocations    | 1 2 |  2.4

Action                   |  1- 3 |  4- 6 |  7- 9 || total
-------------------------+-------+-------+-------++-------
Melee: War axe           |    25 |       |       ||    25
       Bite              |    13 |    23 |    37 ||    73
       Short sword       |    56 |   105 |    97 ||   258
  Use: Scroll            |     2 |     3 |       ||     5
       Potion            |       |     1 |     1 ||     2
Armor: Scale mail        |    39 |    62 |    36 ||   137
Dodge: Dodged            |    31 |    52 |    50 ||   133
Block: Buckler           |    13 |    30 |    11 ||    54

Table legend: (Time is in decaauts)
 A = Elapsed time spent in this place.
 B = Non-inter-level travel time spent in this place.
 C = Inter-level travel time spent in this place.
 D = Time resting spent in this place.
 E = Time spent auto-exploring this place.
 F = Levels seen in this place.
 G = Mean time per level.
                   A        B        C        D        E       F      G
               +--------+--------+--------+--------+--------+-----+--------+
         Total |   5416 |   5260 |    156 |     17 |   4197 |   8 |  677.0 |
       Dungeon |   4865 |   4725 |    140 |     17 |   3891 |   6 |  810.8 |
        Temple |    232 |    216 |     16 |      0 |    176 |   1 |  232.0 |
         Sewer |    318 |    318 |      0 |      0 |    130 |   1 |  318.0 |
               +--------+--------+--------+--------+--------+-----+--------+

Top non-repeatable levels by time:
     D:1: 1211 daAuts
     D:4: 1181 daAuts
     D:5: 1043 daAuts
     D:2: 699 daAuts
     D:3: 551 daAuts
   Sewer: 318 daAuts
  Temple: 232 daAuts
     D:6: 179 daAuts
